 Dungeon Crawl Stone Soup version 0.31-a0-1074-g0b22e4e0f1 (webtiles) character file.

Game seed: 13577855407540556466

95 strifetoe the Chopper (level 4, -15/33 HPs)
             Began as a Demonspawn Gladiator on Dec 7, 2023.
             Was an Initiate of Okawaru.
             Demolished by an ogre
             ... wielding a +0 giant spiked club
              (34 damage)
             ... on level 4 of the Dungeon.
             The game lasted 00:02:54 (1842 turns).

strifetoe the Chopper (Demonspawn Gladiator)        Turns: 1842, Time: 00:02:55

Health: -15/33     AC:  5    Str: 17    XL:     4   Next: 39%
Magic:  4/4        EV: 12    Int: 15    God:    Okawaru [......]
Gold:   286        SH:  0    Dex: 14    Spells: 3/3 levels left

rFire   . . .        h - +0 hand axe (freeze)
rCold   . . .        (no shield)
rNeg    . . .        b - +0 leather armour
rPois   +            (helmet restricted)
rElec   .            (no cloak)
rCorr   .            g - +1 pair of gloves
SInv    .            (no boots)
Will    .....        (no amulet)
Stlth   +            l - +6 ring of intelligence
HPRegen 0.25/turn    (no ring)
MPRegen 0.09/turn

%: no passive effects
@: mighty, attractive, hasted, very quick
A: antennae 1, demonic magic 2, sense surroundings 1, poison resistance
a: Renounce Religion


You were on level 4 of the Dungeon.
You worshipped Okawaru.
Okawaru was noncommittal.
You visited 1 branch of the dungeon, and saw 4 of its levels.

You collected 286 gold pieces.

Inventory:

Hand Weapons
 a - a +0 war axe
 h - a +0 hand axe of freezing (weapon)
Missiles
 d - 3 throwing nets (quivered)
 e - a javelin
Armour
 b - a +0 leather armour (worn)
 c - a +0 helmet
 g - a +1 pair of gloves (worn)
 j - a +0 helmet
Jewellery
 i - an amulet of faith
 k - a ring of ice
 l - a +6 ring of intelligence (left hand)
Scrolls
 n - 2 scrolls of teleportation {unknown}
 p - 2 scrolls of enchant weapon {unknown}
 q - a scroll of vulnerability
 s - a scroll of fear {unknown}
 t - 2 scrolls of identify {unknown}
 u - a scroll of revelation {unknown}
Potions
 f - 2 potions of mutation
 m - a potion of attraction
 o - a potion of might
 r - a potion of haste


   Skills:
 - Level 2.0 Fighting
 + Level 4.8 Axes
 - Level 1.7 Throwing
 - Level 2.6 Dodging


You had 3 spell levels left.
You didn't know any spells.
Your spell library contained the following spells:

 Spells                   Type           Power      Damage    Failure   Level
 Ensorcelled Hibernation  Hex/Ice        0%         N/A       45%         2
 Passwall                 Tmut/Erth      0%         N/A       45%         2
 Swiftness                Air            0%         N/A       69%         3


Dungeon Overview and Level Annotations

Branches:
Dungeon (4/15)
 Temple: D:4-7

Altars:
Fedhas
Okawaru

Shops:
D:3 (


Innate Abilities, Weirdness & Mutations

You have a pair of small antennae on your head.
Spells you cast may paralyse nearby enemies.
You passively map a small area around you.
Your system is resistant to poisons. (rPois)


Message History

The quokka attacks as it pursues you! The quokka bites you.
The quokka barely misses you.
You barely miss the quokka. The quokka bites you.
You slash the quokka! You freeze the quokka.
You kill the quokka!
Okawaru accepts your kill.
You aren't carrying any items that you can evoke.
It was a potion of mutation.
You feel extremely strange.
You feel resistant to poisons.
You feel a strange attunement to the structure of the dungeons.
The ogre hits you with a +0 giant spiked club!!
Ouch! That really hurt!
* * * LOW HITPOINT WARNING * * *
Unknown command.
It was a potion of attraction.
You feel attractive to monsters. The ogre closely misses you.
It was a potion of might.
You feel very mighty all of a sudden.
A ball python comes into view.
The ball python is attracted toward you.
It was a potion of haste.
You feel yourself speed up. The ogre closely misses you.
The ball python is attracted toward you.
The ball python hisses angrily.
The ogre attacks as it pursues you! The ogre misses you.
The endoplasm is attracted toward you. The hobgoblin is attracted toward you.
The ogre is attracted toward you. The endoplasm is attracted toward you.
The ogre is attracted toward you. The hobgoblin is attracted toward you.
The ogre attacks as it pursues you! The ogre barely misses you.
The hobgoblin is attracted toward you. The ogre is attracted toward you.
The ogre is attracted toward you. The hobgoblin is attracted toward you.
The ogre attacks as it pursues you! The ogre barely misses you.
The ogre is attracted toward you. The hobgoblin is attracted toward you.
You aren't carrying any items that you can evoke.
It was a potion of curing.
You feel better.
The ogre hits you with a +0 giant spiked club!!
Ouch! That really hurt!
You die...

..###.......# #####.....#
#.......#######.........#
#........#......###...###
..##.###...### #†.###
.....##......# ###.##
........####.# #...#
.#....######..##.###
...##......##..>.## ####
..########).##..@.# *.[.#
...............##O###...#
##..#######......§.)....#
##.## ##.###..§.....#
#..#######÷###...§....#
##.............###§...#
#########.##.....§####
#....##......###
#....#.......§{#


You could see an ogre.

Vanquished Creatures
  4 adders
  A worm (D:4)
  A dart slug (D:2)
  2 ball pythons (D:2)
  6 endoplasms
  2 giant cockroaches
  6 goblins
  8 hobgoblins
  3 quokkas
  4 bats
  A frilled lizard (D:1)
  4 kobolds
  9 rats
51 creatures vanquished.

Notes
Turn   | Place    | Note
-------+----------+-------------------------------------------
     0 | D:1      | strifetoe the Demonspawn Gladiator began the quest for the
                  | Orb.
     0 | D:1      | Reached XP level 1. HP: 16/16 MP: 1/1
    34 | D:1      | Reached skill level 3 in Axes
   204 | D:1      | Gained mutation: Spells you cast may paralyse adjacent
                  | enemies. [demonic ancestry]
   204 | D:1      | Reached XP level 2. HP: 22/22 MP: 2/2
   448 | D:1      | Found a faded altar of an unknown god.
   613 | D:2      | Gained mutation: You have a pair of small antennae on your
                  | head. [demonic ancestry]
   613 | D:2      | Reached XP level 3. HP: 27/27 MP: 3/3
   654 | D:2      | Reached skill level 4 in Axes
   970 | D:3      | Found Caong's Weapon Shop.
  1044 | D:3      | Found an iron altar of Okawaru.
  1071 | D:3      | Became a worshipper of Warmaster Okawaru
  1368 | D:3      | Found a blossoming altar of Fedhas.
  1583 | D:4      | Gained mutation: Spells you cast may paralyse nearby
                  | enemies. [demonic ancestry]
  1583 | D:4      | Reached XP level 4. HP: 33/33 MP: 4/4
  1684 | D:4      | Identified the staff of Xydd {rElec rCorr Str-2 Dex+3
                  | Stlth+ Air}
  1814 | D:4      | Noticed an ogre
  1829 | D:4      | Gained mutation: Your system is resistant to poisons.
                  | (rPois) [potion of mutation]
  1829 | D:4      | Gained mutation: You passively map a small area around you.
                  | [potion of mutation]
  1842 | D:4      | Demolished by an ogre

Illustrated notes

Levels and vault maps discovered:
D:1:      amcnicky_arrival_wind_blow, layout_basic,
          hellmonk_ecumenical_altar_heavens_door, minmay_pentomino_o2
D:2:      layout_rooms, grunt_decor_cap
D:3:      layout_basic, lemuel_crystal_altar, fedhas_altar_1, serial_shops, shop
D:4:      minmay_chambers_of_threes, layout_rooms,
          nicolae_overflow_hidden_temple, gammafunk_ghost_smash, serial_shops,
          nicolae_shop_behind_doors

Skill      XL: |  1  2  3 |
---------------+----------+-----
Axes           | 3 4 |  4.8
Fighting       | |  2.0
Throwing       | |  1.7
Dodging        | |  2.6

Action                     |  1- 3 |  4- 6 || total
---------------------------+-------+-------++-------
  Melee: War axe           |    10 |       ||    10
         Hand axe          |    80 |    24 ||   104
         Punch             |     2 |       ||     2
    Use: Scroll            |     2 |       ||     2
         Potion            |       |     5 ||     5
   Stab: Sleeping          |     1 |       ||     1
 Armour: Leather armour    |    45 |    21 ||    66
  Dodge: Dodged            |    55 |    19 ||    74

Table legend: (Time is in decaauts)
 A = Elapsed time spent in this place.
 B = Non-inter-level travel time spent in this place.
 C = Inter-level travel time spent in this place.
 D = Time resting spent in this place.
 E = Time spent auto-exploring this place.
 F = Levels seen in this place.
 G = Mean time per level.
                   A        B        C        D        E       F      G
               +--------+--------+--------+--------+--------+-----+--------+
         Total |   1851 |   1803 |     48 |     81 |   1330 |   4 |  462.8 |
       Dungeon |   1851 |   1803 |     48 |     81 |   1330 |   4 |  462.8 |
               +--------+--------+--------+--------+--------+-----+--------+

Top non-repeatable levels by time:
     D:3: 533 daAuts
     D:2: 489 daAuts
     D:1: 489 daAuts
     D:4: 338 daAuts
